 Dungeon Crawl Stone Soup version 0.31-a0-596-g831eee08f1 (webtiles) character file.

Game seed: 15785570757541176287

760 Arcadio the Grave Robber (level 7, -7/41 HPs)
             Began as an Octopode Necromancer on Aug 20, 2023.
             Was a Priest of Ru.
             Mangled by an ice beast (10 damage)
             ... on level 6 of the Dungeon.
             The game lasted 00:13:17 (5698 turns).

Arcadio the Grave Robber (Octopode Necromancer)     Turns: 5698, Time: 00:13:17

Health: -7/41      AC:  1    Str:  7    XL:     7   Next: 80%
Magic:  13/14      EV: 15    Int: 19    God:    Ru [***...]
Gold:   344        SH:  0    Dex: 17    Spells: 2/15 levels left

rFire   . . .        d - +3 dagger (freeze)
rCold   . . .        (helmet restricted)
rNeg    . . .        (no amulet)
rPois   .            j - ring of Ciozo {Ice Dex+4}
rElec   .            q - ring of fire
rCorr   .            (no ring)
SInv    .            (no ring)
Will    .....        (no ring)
Stlth   +++          (no ring)
HPRegen 0.26/turn    (no ring)
MPRegen 0.14/turn

%: no passive effects
@: attractive
A: almost no armour, amphibious, 7 rings, camouflage 1, gelatinous body 1,
missing a hand, (nimble swimmer 1), tentacles
a: Renounce Religion, Draw Out Power


You were on level 6 of the Dungeon.
You worshipped Ru.
Ru was most pleased with you.
You visited 2 branches of the dungeon, and saw 8 of its levels.

You collected 344 gold pieces.

Inventory:

Hand Weapons
 b - a +0 spear
 d - a +3 dagger of freezing (weapon)
 k - a +0 flail
Jewellery
 j - the ring of Ciozo (left tentacle) {Ice Dex+4}
   (You found it on level 2 of the Dungeon)

   [ring of ice]

   Ice:       It enhances your ice magic.
   Dex+4:     It affects your dexterity (+4).
   rF-:       It makes you vulnerable to fire.
   rC+:       It protects you from cold.
 q - a ring of fire (right tentacle)
Wands
 n - a wand of paralysis (9)
 u - a wand of iceblast (12)
 w - a wand of mindburst (12)
Scrolls
 c - 2 scrolls of enchant armour
 e - 2 scrolls of fog
 f - a scroll of torment {unknown}
 i - 2 scrolls of vulnerability {unknown}
 l - 5 scrolls of identify {unknown}
 m - a scroll of teleportation {unknown}
 o - a scroll of butterflies {unknown}
 p - 2 scrolls of revelation {unknown}
 x - a scroll of enchant weapon {unknown}
Potions
 a - 3 potions of magic
 g - a potion of attraction
 h - a potion of brilliance {unknown}
 r - a potion of invisibility {unknown}
 s - a potion of heal wounds {unknown}
 t - a potion of haste {unknown}
 v - a potion of lignification {unknown}


   Skills:
 + Level 5.2 Dodging
 - Level 2.6 Stealth
 + Level 4.7 Spellcasting
 + Level 6.2 Necromancy


You had 2 spell levels left.
You knew the following spells:

 Your Spells              Type           Power      Damage    Failure   Level
a - Necrotise             Necr           100%       1d9       1%          1
b - Vampiric Draining     Necr           28%        2d8       3%          3
c - Animate Dead          Necr           28%        N/A       10%         4
d - Agony                 Necr           28%        N/A       26%         5

Your spell library contained the following spells:

 Spells                   Type           Power      Damage    Failure   Level
 Sublimation of Blood     Necr           28%        N/A       1%          2
 Wereblood                Tmut           4%         N/A       19%         2
 Vhi's Electric Charge    Tloc/Air       8%         N/A       36%         3
 Summon Lightning Spire   Summ/Air       4%         N/A       77%         4
 Arcjolt                  Conj/Air       2%         1d12      98%         5
 Lee's Rapid Deconstruct  Erth           2%         3d4*      98%         5
 Summon Hydra             Summ           2%         N/A       100%        7
 Maxwell's Capacitive Co  Air            2%         ∞         100%        8
 Animate Armour           Summ/Erth      Unusable   N/A       N/A         4

Dungeon Overview and Level Annotations

Branches:
Dungeon (7/15) Zot: 26882  Temple (1/1) D:5 Zot: 5989

Altars:
Ashenzari
Cheibriados
Dithmenos
Elyvilon
Fedhas
Gozag
Kikubaaqudgha
Ru
Sif Muna
Trog
Uskayaw
Vehumet
Wu Jian
Yredelemnul
Zin
The Shining One

Shops:
D:5 =


Innate Abilities, Weirdness & Mutations

You cannot wear most types of armour.
You are amphibious.
You can wear up to seven rings at the same time.
Your skin changes colour to match your surroundings (Stealth+).
Your rubbery body absorbs attacks. (AC +1, EV +1)
You are missing a hand.
((You are camouflaged when in or above water. (Stealth+)))
You have tentacles for arms and can constrict up to seven enemies at once.


Message History

You constrict the hound.
You kill the hound!
An ice beast comes into view.
An orc wizard comes into view.
It is wielding a +1 dagger of venom and wearing a +0 robe of fire resistance.
You barely miss the orc. You grab the orc.
You constrict the orc, but do no damage.
The orc hits you with a +0 falchion.
You redirect the orc wizard's attack!
You hit the orc. You freeze the orc. You squeeze the orc.
You kill the orc!
You puncture the orc! You freeze the orc.
You kill the orc!
You hit the ice beast.
The ice beast is lightly wounded.
The ice beast hits you. The ice beast freezes you!
You hit the ice beast but do no damage.
The ice beast is lightly wounded.
The ice beast hits you. The ice beast freezes you.
The orc wizard mumbles some strange words.
The orc wizard flickers and vanishes!
Deactivating autopickup; reactivate with Ctrl-A.
Casting: Necrotise (safe; 1% risk of failure)
Confirm with . or Enter, or press ? or * to list all spells.
Aiming: Necrotise (safe; 1% risk of failure)
Press: ? - help, Shift-Dir - straight line, f - ice beast
Aim: an ice beast (lightly wounded, chance to affect: 83%)
The ice beast barely resists.
The ice beast barely misses you.
You hit the ice beast but do no damage.
The ice beast is lightly wounded.
The ice beast barely misses you.
You closely miss the ice beast. Your squeeze misses the ice beast.
The ice beast is lightly wounded.
The ice beast hits you. The ice beast freezes you!
* * * LOW HITPOINT WARNING * * *
It was a potion of attraction.
You feel attractive to monsters. The ice beast hits you.
* * * LOW HITPOINT WARNING * * *
The ice beast freezes you!
You die...

#########
.......>#
#######.#
#..@#
#.#Y#
#..)....#
###.###.#
#.# ...
... ...
#..##


You could see an ice beast.

Vanquished Creatures
  Sigmund (D:4)
  3 scorpions
  A hound (D:6)
  An orc priest (D:4)
  A sleepcap (D:5)
  An iguana (D:5)
  2 orc wizards (D:7)
  4 gnolls
  8 adders
  A white imp (D:6)
  An ufetubus (D:5)
  3 worms
  6 dart slugs
  16 orcs
  6 endoplasms
  4 giant cockroaches
  7 hobgoblins
  7 kobolds
  4 quokkas
  5 ball pythons
  6 bats
  10 frilled lizards
  7 goblins
  2 rats
107 creatures vanquished.

Vanquished Creatures (collateral kills)
  A bat (D:1)
  A goblin (D:1)
  A ball python (D:1)
3 creatures vanquished.

Vanquished Creatures (others)
  A gnoll (D:5)
1 creature vanquished.

Grand Total: 111 creatures vanquished

Notes
Turn   | Place    | Note
-------+----------+-------------------------------------------
     0 | D:1      | Arcadio the Octopode Necromancer began the quest for the
                  | Orb.
     0 | D:1      | Reached XP level 1. HP: 11/11 MP: 3/3
   144 | D:1      | Reached XP level 2. HP: 4/17 MP: 5/5
   433 | D:1      | Reached XP level 3. HP: 11/21 MP: 6/6
  1246 | D:2      | Learned a level 3 spell: Vampiric Draining
  1488 | D:2      | Reached XP level 4. HP: 22/27 MP: 6/8
  1834 | D:2      | Learned a level 4 spell: Animate Dead
  1880 | D:2      | Identified the ring of Ciozo {Ice Dex+4}
  2021 | D:2      | Found a sacrificial altar of Ru.
  2027 | D:2      | Became a worshipper of Ru the Awakened
  2453 | D:3      | Reached XP level 5. HP: 31/31 MP: 7/9
  3174 | D:4      | Reached skill level 5 in Necromancy
  3457 | D:4      | Reached XP level 6. HP: 15/36 MP: 11/11
  3651 | D:4      | Gained mutation: You are missing a hand. [Ru sacrifice]
  3651 | D:4      | Reached * piety under Ru
  3651 | D:4      | Reached ** piety under Ru
  3651 | D:4      | Reached *** piety under Ru
  3749 | D:4      | Noticed Sigmund
  4014 | D:4      | Killed Sigmund
  4151 | D:5      | Entered Level 5 of the Dungeon
  4206 | D:5      | Reached XP level 7. HP: 11/41 MP: 3/13
  4571 | D:5      | Found Xouskor's Jewellery Shoppe.
  4978 | D:5      | Reached skill level 6 in Necromancy
  4987 | D:5      | Learned a level 5 spell: Agony
  5118 | D:5      | Found a staircase to the Ecumenical Temple.
  5124 | Temple   | Entered the Ecumenical Temple
  5167 | D:5      | Reached skill level 5 in Dodging
  5577 | D:6      | Noticed a wyvern
  5698 | D:6      | Mangled by an ice beast

Illustrated notes

Levels and vault maps discovered:
D:1:      minmay_arrival_open_corners, layout_basic, st_stairs_8,
          grunt_decor_mini_mirrors, minmay_split_cup_small
D:2:      layout_loops_corners, basic_altar, kennysheep_decorative_pillar,
          minmay_misc_feat_x
D:3:      layout_basic
D:4:      layout_loops_ring, reono_crystal_passage, uniq_sigmund
D:5:      layout_basic, minmay_temple_entry_overgrown, serial_shops,
          shop_fountains
D:6:      layout_basic, jmf_multi_god_temple2, skrybe_limestone_x, uniq_grinder
D:7:      layout_loops_cross, okawaru_ov_weapons_minmay, uniq_jeremiah
Temple:   compressed_dpeg_triangle_lava_temple

Skill      XL: |  1  2  3  4  5  6  7 |
---------------+----------------------+-----
Dodging        | 3 4 5 |  5.2
Spellcasting   | 3 4 |  4.7
Necromancy     | 5 6 |  6.2
Stealth        | |  2.6

Action                     |  1- 3 |  4- 6 |  7- 9 || total
---------------------------+-------+-------+-------++-------
  Melee: Unarmed           |    18 |       |       ||    18
         Constrict         |    14 |    17 |    13 ||    44
         Spear             |    35 |       |       ||    35
         Tentacles         |    10 |     9 |    14 ||    33
         Dagger            |     9 |    78 |    49 ||   136
         Punch             |     1 |     1 |       ||     2
   Cast: Necrotise         |    22 |    21 |    23 ||    66
         Vampiric Draining |       |     2 |       ||     2
 Invoke: Sacrifice a Hand  |       |     1 |       ||     1
    Use: Scroll            |       |     2 |       ||     2
         Potion            |       |       |     1 ||     1
   Stab: Sleeping          |     4 |    15 |     1 ||    20
         Distracted        |     1 |       |       ||     1
 Armour: Skin              |     6 |     2 |     1 ||     9
  Dodge: Dodged            |    63 |    34 |    32 ||   129

Table legend: (Time is in decaauts)
 A = Elapsed time spent in this place.
 B = Non-inter-level travel time spent in this place.
 C = Inter-level travel time spent in this place.
 D = Time resting spent in this place.
 E = Time spent auto-exploring this place.
 F = Levels seen in this place.
 G = Mean time per level.
                   A        B        C        D        E       F      G
               +--------+--------+--------+--------+--------+-----+--------+
         Total |   5698 |   5520 |    178 |    925 |   3655 |   8 |  712.2 |
       Dungeon |   5687 |   5509 |    178 |    925 |   3655 |   7 |  812.4 |
        Temple |     10 |     10 |      0 |      0 |      0 |   1 |   10.0 |
               +--------+--------+--------+--------+--------+-----+--------+

Top non-repeatable levels by time:
     D:5: 1304 daAuts
     D:2: 1153 daAuts
     D:1: 1064 daAuts
     D:4: 1014 daAuts
     D:3: 919 daAuts
     D:6: 131 daAuts
     D:7: 98 daAuts
  Temple: 10 daAuts
